 Dungeon Sprint DCSS version 0.31-a0-656-gb4d89c20fa (webtiles) character file.

Game seed: 9063995210171897433

1304 rocky1 the Grappler (level 8, -21/62 HPs)
             Began as a Djinni Shapeshifter on Aug 31, 2023.
             Was an Initiate of Gozag.
             Demolished by a two-headed ogre
             ... wielding a +0 giant club
              (24 damage)
             ... in the Dungeon (Sprint III: "The Ten Rune Challenge").
             The game lasted 00:05:51 (1694 turns).

rocky1 the Grappler (Djinni Shapeshifter)           Turns: 1694, Time: 00:05:53

Health: -21/62     AC:  2    Str: 13    XL:     8   Next: 88%
Gold:   618        EV: 14    Int: 15    God:    Gozag SH:  0 Dex: 12

rFire   + +          .
                       - Unarmed
rCold   x . .        (no shield)
rNeg    . . .        a - +0 animal skin
rPois   ∞            (helmet currently unavailable)
rElec   .            (cloak currently unavailable)
rCorr   .            (gloves currently unavailable)
SInv    .            (boots unavailable)
Will    .....        (no amulet)
Stlth   +            (no ring)
HPRegen 0.30/turn    (no ring)
MPRegen 0.00/turn

%: no teleportation, infuse magic (-22 HP)
@: beast-form, gold aura, flying
A: beast (slay +3), flying, sickness immunity, fire resistance 2, cold
vulnerability 1, float, innate caster, HP casting, extra vitality 1
a: Begin Untransformation, Renounce Religion, Potion Petition, Call Merchant,
Bribe Branch


You were in the Dungeon.
You worshipped Gozag.
Gozag was pleased with you.
You were a hulking beast.
You visited 1 branch You collected 618 gold pieces.

Inventory:

Hand Weapons
 p - a +1 long sword of holy wrath
Armour
 a - a +0 animal skin (worn)
Talismans
 c - a beast talisman (active)
 d - a flux talisman
Scrolls
 i - a scroll of blinking
 k - a scroll of poison
 l - 2 scrolls of identify {unknown}
Potions
 b - a potion of lignification
 e - a potion of curing
 g - a potion of haste
 j - 4 potions of mutation {unknown}
 m - 2 potions of brilliance {unknown}
 n - 2 potions of enlightenment
 o - a potion of heal wounds
Miscellaneous
 f - a condenser vane


   Skills:
 + Level 6.6 Fighting
 + Level 7.0 Dodging
 - Level 0.3 Stealth
 * Level 12.0 Unarmed Combat
 + Level 3.3 Spellcasting
 + Level 3.3 Conjurations
 + Level 3.3 Hexes
   Level 0.0 Charms
 + Level 3.3 Summonings
 + Level 3.3 Necromancy
 + Level 3.3 Translocations
 + Level 3.3 Transmutations
 + Level 3.3 Fire Magic
 + Level 3.3 Ice Magic
 + Level 3.3 Air Magic
 + Level 3.3 Earth Magic
 + Level 3.3 Poison Magic
 * Level 7.2 Evocations
 - Level 6.6 Shapeshifting


You knew the following spells:

 Your Spells              Type           Power      Damage    Failure   Level
a - Sting                 Tmut/Pois      48%        1d5       4%          1
b - Blink                 Tloc           24%        N/A       8%          2
c - Volatile Blastmotes   Fire/Tloc      24%        2d12      16%         3
Your spell library was empty.

Dungeon Overview and Level Annotations

Branches:
Dungeon (1/1)

Altars:
Cheibriados
Dithmenos
Elyvilon
Fedhas
Gozag
Hepliaklqana
Makhleb
Nemelex Xobeh
Okawaru
Qazlal
Ru
Trog
Uskayaw
Wu Jian
Xom
Yredelemnul
Zin
The Shining One
Jiyva
Lugonu


Innate Abilities, Weirdness & Mutations

You are a hulking beast.
Your limbs bulge with bestial killing power. (Slay +3)
You are flying.
You are immune to sickness and miasma.
You are immune to poison.
Your flesh is very heat resistant. (rF++)
You are vulnerable to cold. (rC-)
You float through the air rather than walking.
You learn spells naturally, not from books.
Your magical power is your life essence.
You have superior vitality. (+4 MHP)


Message History

The two-headed ogre is engulfed in poison gas.
The two-headed ogre is poisoned.
Unknown command.
The two-headed ogre shouts in stereo!
You hit the two-headed ogre. You punch the two-headed ogre!
The two-headed ogre is moderately wounded.
You hear two shouts!
The two-headed ogre closely misses you. x2
You hit the two-headed ogre. You punch the two-headed ogre.
The two-headed ogre is severely wounded.
You hit the two-headed ogre.
The two-headed ogre is severely wounded.
The two-headed ogre completely misses you.
The two-headed ogre hits you with a +0 giant club!
You barely miss the two-headed ogre.
The two-headed ogre is severely wounded.
You pummel the two-headed ogre!!
You kill the two-headed ogre!
Your condenser vane has recharged.
Your Dodging skill increases to level 7!
Your Unarmed Combat skill increases to level 12!
Unknown command.
You barely miss the two-headed ogre.
The two-headed ogre is moderately wounded.
The two-headed ogre misses you. The two-headed ogre closely misses you.
You barely miss the two-headed ogre. You punch the two-headed ogre.
The two-headed ogre is heavily wounded.
You hit the two-headed ogre.
The two-headed ogre is heavily wounded.
The two-headed ogre looks more healthy.
The two-headed ogre misses you.
The two-headed ogre hits you with a +0 giant club!!
You hit the two-headed ogre.
The two-headed ogre is heavily wounded.
You punch the two-headed ogre! You punch the two-headed ogre.
The two-headed ogre is severely wounded.
The two-headed ogre hits you with a +0 giant club!!
* * * LOW HITPOINT WARNING * * *
The two-headed ogre hits you with a +0 giant club!!
You die...
Your body crumbles into a pile of gold.

.#..###'#'###'##
'#..#..........#
#...'.⌠........#
#...#...######'#
....#.⌠.#__#...# #
....#...#__#...# #§#
....#'###__#...## §.
....#.))#__#...+##.#
....#___#__'...#hO§#
▓▓▓▓▓▓▓▓▓▓▓▓▓▓▓▓▓▓▓▓


You could see a two-headed ogre.

Vanquished Creatures
  A deep elf pyromancer (D)
  A shadow (D)
  A spatial vortex (D)
  A two-headed ogre (D)
  A necrophage (D)
  A water elemental (D)
  A jelly (D)
  A wizard (D)
  Jessica (D)
  A necromancer (D)
  3 humans (D)
  A kobold demonologist (D)
  A phantom (D)
  3 rats (D)
18 creatures vanquished.

Notes
Turn   | Place    | Note
-------+----------+-------------------------------------------
     0 | D        | rocky1 the Djinni Shapeshifter began the quest for the Orb.
     0 | D        | Reached XP level 1. HP: 17/17 MP: 0/0
    40 | D        | Noticed Jessica
    46 | D        | Killed Jessica
    47 | D        | Reached skill level 4 in Unarmed Combat
    47 | D        | Reached XP level 2. HP: 22/22 MP: 0/0
    47 | D        | Reached XP level 3. HP: 27/27 MP: 0/0
    47 | D        | Learned a level 1 spell: Sting
   167 | D        | Reached skill level 5 in Unarmed Combat
   172 | D        | Reached XP level 4. HP: 27/33 MP: 0/0
   578 | D        | Noticed a water elemental
   586 | D        | Killed a water elemental
   587 | D        | Reached skill level 7 in Unarmed Combat
   587 | D        | Reached skill level 5 in Shapeshifting
   587 | D        | Reached XP level 5. HP: 39/39 MP: 0/0
   587 | D        | Learned a level 2 spell: Blink
   882 | D        | Noticed a shadow
   898 | D        | Killed a shadow
   899 | D        | Reached skill level 9 in Unarmed Combat
   899 | D        | Reached XP level 6. HP: 42/47 MP: 0/0
  1156 | D        | Found a blossoming altar of Fedhas.
  1156 | D        | Found a stormy altar of Qazlal.
  1156 | D        | Found a snail-covered altar of Cheibriados.
  1156 | D        | Found a burning altar of Makhleb.
  1156 | D        | Found a shimmering altar of Xom.
  1157 | D        | Found a hazy altar of Hepliaklqana.
  1157 | D        | Found an opulent altar of Gozag.
  1157 | D        | Found a sparkling altar of Nemelex Xobeh.
  1157 | D        | Found a corrupted altar of Lugonu.
  1157 | D        | Found a viscous altar of Jiyva.
  1157 | D        | Noticed a spatial vortex
  1164 | D        | Became a worshipper of Gozag Ym Sagoz the Greedy
  1218 | D        | Found a basalt altar of Yredelemnul.
  1218 | D        | Found a shadowy altar of Dithmenos.
  1218 | D        | Found a sacrificial altar of Ru.
  1226 | D        | Reached skill level 10 in Unarmed Combat
  1232 | D        | Reached skill level 1 in Spellcasting
  1232 | D        | Reached skill level 1 in Conjurations
  1232 | D        | Reached skill level 1 in Hexes
  1232 | D        | Reached skill level 1 in Summonings
  1232 | D        | Reached skill level 1 in Necromancy
  1232 | D        | Reached skill level 1 in Translocations
  1232 | D        | Reached skill level 1 in Transmutations
  1232 | D        | Reached skill level 1 in Fire Magic
  1232 | D        | Reached skill level 1 in Ice Magic
  1232 | D        | Reached skill level 1 in Air Magic
  1232 | D        | Reached skill level 1 in Earth Magic
  1232 | D        | Reached skill level 1 in Poison Magic
  1232 | D        | Reached XP level 7. HP: 29/53 MP: 0/0
  1232 | D        | Learned a level 3 spell: Volatile Blastmotes
  1424 | D        | Found a glowing silver altar of Zin.
  1424 | D        | Found a glowing golden altar of the Shining One.
  1424 | D        | Found a white marble altar of Elyvilon.
  1424 | D        | Noticed a deep elf pyromancer
  1430 | D        | Killed a deep elf pyromancer
  1431 | D        | Reached skill level 5 in Fighting
  1431 | D        | Reached skill level 11 in Unarmed Combat
  1431 | D        | Reached skill level 5 in Evocations
  1431 | D        | Reached XP level 8. HP: 61/61 MP: 0/0
  1532 | D        | Found a hide-covered altar of Uskayaw.
  1532 | D        | Found an iron altar of Okawaru.
  1532 | D        | Found a bloodstained altar of Trog.
  1532 | D        | Found an ornate altar of the Wu Jian Council.
  1532 | D        | Noticed a human
  1532 | D        | Noticed a human
  1536 | D        | Killed a human
  1537 | D        | Killed a human
  1689 | D        | Reached skill level 12 in Unarmed Combat
  1694 | D        | HP: 3/62 [two-headed ogre/+0 giant club (20)]
  1694 | D        | Demolished by a two-headed ogre

Illustrated notes

Levels and vault maps discovered:
D:        dungeon_sprint_mu [sprint_mu_entry_cave, sprint_mu_temple_rooms,
          sprint_mu_d1_spiders, sprint_mu_d2_genie, sprint_mu_d3_branching,
          sprint_mu_orc_legion, sprint_mu_elf_gauntlet, sprint_mu_hive_nellie,
          sprint_mu_lair_fedhas, sprint_mu_vaults_butterflies,
          sprint_mu_slime_circle, sprint_mu_shoals_kraken,
          sprint_mu_snake_twists, sprint_mu_blade_basic,
          sprint_mu_crypt_chambers, sprint_mu_tomb_spiral,
          sprint_mu_vestibule_basic, sprint_mu_gehenna_hellfire,
          sprint_mu_dis_giant, sprint_mu_tartarus_statrot,
          sprint_mu_cocytus_islands, sprint_mu_zot1]

Skill      XL: |  1  2  3  4  5  6  7  8 |
---------------+-------------------------+-----
Unarmed Combat | 4 5 7 9 10 11 12 | 12.0
Shapeshifting  | 4 5 6 |  6.6
Dodging        | 3 4 6 7 |  7.0
Fighting       | 2 4 5 6 |  6.6
Evocations     | 2 5 7 |  7.2
Spellcasting   | 1 2 3 |  3.3
Conjurations   | 1 2 3 |  3.3
Hexes          | 1 2 3 |  3.3
Summonings     | 1 2 3 |  3.3
Necromancy     | 1 2 3 |  3.3
Translocations | 1 2 3 |  3.3
Transmutations | 1 2 3 |  3.3
Fire Magic     | 1 2 3 |  3.3
Ice Magic      | 1 2 3 |  3.3
Air Magic      | 1 2 3 |  3.3
Earth Magic    | 1 2 3 |  3.3
Poison Magic   | 1 2 3 |  3.3
Stealth        | |  0.3

Action                     |  1- 3 |  4- 6 |  7- 9 || total
---------------------------+-------+-------+-------++-------
  Melee: Unarmed           |    22 |    35 |    19 ||    76
         Punch             |     1 |     2 |     5 ||     8
   Cast: Sting             |     1 |       |       ||     1
  Evoke: Wand              |       |       |     7 ||     7
         Condenser vane    |       |       |     1 ||     1
    Use: Potion            |       |     2 |       ||     2
         Scroll            |       |     1 |       ||     1
   Stab: Sleeping          |     1 |       |       ||     1
 Armour: Animal skin       |     7 |     4 |       ||    11
  Dodge: Dodged            |    10 |    17 |     8 ||    35

Table legend: (Time is in decaauts)
 A = Elapsed time spent in this place.
 B = Non-inter-level travel time spent in this place.
 C = Inter-level travel time spent in this place.
 D = Time resting spent in this place.
 E = Time spent auto-exploring this place.
 F = Levels seen in this place.
 G = Mean time per level.
                   A        B        C        D        E       F      G
               +--------+--------+--------+--------+--------+-----+--------+
         Total |   1694 |   1694 |      0 |   1382 |     27 |   1 | 1694.0 |
       Dungeon |   1694 |   1694 |      0 |   1382 |     27 |   1 | 1694.0 |
               +--------+--------+--------+--------+--------+-----+--------+

Top non-repeatable levels by time:
       D: 1694 daAuts
